NEW JERSEY vs MONTREAL

Created - Wednesday, April 11, 2018 at 19:09

Goals
1 2 3 T
NEW JERSEY 1 2 2 5
MONTREAL 0 1 1 2
Shots
1 2 3 T
NEW JERSEY 14 14 5 33
MONTREAL 10 10 6 26

1st period

1. NEW JERSEY , Jake Muzzin 17 (Mikael Granlund 43, Ryan Kesler 41) at 3:47 (PP)

Penalties :
Micheal Ferland (MON) for Interference (Minor) at 3:10

2nd period

2. NEW JERSEY , Evander Kane 13 (Michael Grabner 18, Ryan Kesler 42) at 3:55
3. MONTREAL , Tyler Johnson 17 (Nathan MacKinnon 48, Jason Demers 25) at 13:38 (PP)
4. NEW JERSEY , Ryan Kesler 29 (Evander Kane 15, Michael Grabner 19) at 16:18

Penalties :
Dion Phaneuf (NJ ) for Tripping (Minor) at 0:21, Dion Phaneuf (NJ ) for Slashing (Minor) at 12:46

3rd period

5. NEW JERSEY , Ryan Nugent-Hopkins 18 (Dougie Hamilton 36, Jake Guentzel 15) at 9:50 (PP)
6. NEW JERSEY , Patric Hornqvist 15 (Dion Phaneuf 30) at 12:01 (PP)
7. MONTREAL , Jason Demers 15 (Nathan MacKinnon 49, Tyler Johnson 30) at 13:06 (PP)

Penalties :
Mark Streit (NJ ) for Hooking (Minor) at 3:45, Mark Streit (NJ ) for High sticking (Minor) at 6:14, Nathan Beaulieu (MON) for Holding (Minor) at 9:34, Nathan Beaulieu (MON) for Hooking (Minor) at 11:09, Jake Guentzel (NJ ) for Tripping (Minor) at 12:02

Goalie Stats

Jonathan Bernier (NJ ), 24 saves from 26 shots - (0.923), W, 5-3-0, 60:00 minutes
Garret Sparks (MON), 28 saves from 33 shots - (0.848), L, 1-1-1, 60:00 minutes

Players Stats for NEW JERSEY

Player Name              G  A  P  +/- PIM S  H  SB GA TA FO     MP     PP MP  PK MP  
------------------------------------------------------------------------------------
Anders Lee               0  0  0   0  0   1  2  0  0  0  3/5    19:01   0:00   0:00 
Andrew Copp              0  0  0   0  0   0  0  0  0  0  4/6     5:30   0:00   1:36 
Anthony Duclair          0  0  0   0  0   0  0  0  0  0  0/0     6:14   0:00   2:20 
Colin Miller             0  0  0   0  0   0  0  0  0  0  0/0     6:32   0:00   2:59 
Dion Phaneuf             0  1  1   2  4   0  4  0  0  0  0/0    20:30   0:06   1:39 
Dmitry Orlov             0  0  0   0  0   1  1  1  0  0  0/0    19:20   0:06   3:32 
Dougie Hamilton          0  1  1   2  0   0  0  3  0  0  0/0    22:14   1:02   2:25 
Evander Kane             1  1  2   2  0   5  1  1  0  0  0/0    17:56   1:23   0:32 
Jake Guentzel            0  1  1   0  2   2  1  0  0  0  0/0    11:53   0:24   0:04 
Jake Muzzin              1  0  1   0  0   4  3  1  0  0  0/0    20:58   1:39   3:37 
Jeff Petry               0  0  0   0  0   0  0  2  0  0  0/0    13:46   0:37   0:49 
Mark Streit              0  0  0   0  4   1  0  2  0  0  0/0    12:18   0:00   0:00 
Michael Grabner          0  2  2   2  0   4  0  0  0  0  1/2    16:01   0:00   0:00 
Mikael Granlund          0  1  1   0  0   2  0  3  0  0  3/17   23:41   1:21   3:19 
Patric Hornqvist         1  0  1   0  0   2  1  0  0  0  1/2    21:05   0:22   1:42 
Patrick Sharp            0  0  0   0  0   1  0  0  0  0  1/2    11:26   0:00   0:00 
Patrick Wiercioch        0  0  0   0  0   0  1  0  0  0  0/0     4:18   0:00   0:45 
Ryan Kesler              1  2  3   2  0   5  1  0  0  0  21/31  21:55   1:23   4:31 
Ryan Nugent-Hopkins      1  0  1   0  0   3  0  0  0  0  9/19   13:30   0:22   1:42 
Tom Kuhnhackl            0  0  0   0  0   2  0  0  0  0  0/0     3:54   0:00   0:00 

Players Stats for MONTREAL

Player Name              G  A  P  +/- PIM S  H  SB GA TA FO     MP     PP MP  PK MP  
------------------------------------------------------------------------------------
Brian Gionta             0  0  0   0  0   2  0  0  0  0  2/9     7:23   0:00   0:00 
Brooks Laich             0  0  0   0  0   1  0  0  0  0  0/0     7:23   0:00   0:00 
Gabriel Dumont           0  0  0  -2  0   0  0  0  0  0  0/0    12:16   0:00   0:00 
Jason Demers             1  1  2   0  0   1  1  1  0  0  0/0    20:54   2:56   1:03 
Jason Pominville         0  0  0   0  0   1  0  1  0  0  2/5    21:33   3:40   1:31 
Jordan Nolan             0  0  0   0  0   0  0  0  0  0  0/0     0:00   0:00   0:00 
Keith Yandle             0  0  0  -2  0   1  0  2  0  0  0/0    23:03   4:35   0:42 
Marc Staal               0  0  0   0  0   1  6  1  0  0  0/0    20:54   2:56   1:03 
Max Pacioretty           0  0  0   0  0   4  1  0  0  0  0/0    16:22   0:00   0:00 
Micheal Ferland          0  0  0   0  2   0  1  0  0  0  0/1     7:22   0:00   0:00 
Nathan Beaulieu          0  0  0   0  4   0  4  0  0  0  0/0    16:01   0:22   0:00 
Nathan MacKinnon         0  2  2   0  0   0  3  1  0  0  14/27  21:33   3:40   1:31 
Phillip Danault          0  0  0  -2  0   1  1  0  0  0  1/1    12:16   0:00   0:00 
Rickard Rakell           0  0  0   0  0   5  1  0  0  0  0/0    18:34   4:13   0:00 
Sven Andrighetto         0  0  0   0  0   3  0  0  0  0  0/1    18:34   4:13   0:00 
Tobias Enstrom           0  0  0   0  0   0  2  0  0  0  0/0    16:03   0:22   0:00 
Tyler Johnson            1  1  2  -2  0   4  2  0  0  0  10/19  16:10   3:40   0:14 
Tyler Myers              0  0  0  -2  0   0  1  0  0  0  0/0    23:03   4:35   0:42 
Vincent Trocheck         0  0  0   0  0   2  3  0  0  0  12/21  18:48   4:13   0:14 

3 Stars

1 - Ryan Kesler (NJ )
2 - Evander Kane (NJ )
3 - Michael Grabner (NJ )

Power Play

NEW JERSEY - 3 on 3 Attempt(s) - 100.00%
MONTREAL - 2 on 5 Attempt(s) - 40.00%

Penalty Kill

NEW JERSEY - 3 on 5 Attempt(s) - 60.00% - Score 0 goal in Penalty Kill
MONTREAL - 0 on 3 Attempt(s) - 0.00% - Score 0 goal in Penalty Kill

Team Stat

NEW JERSEY - Hits : 15 - Faceoff Wins : 43 - Blocked Shots : 13 - Penalty Minutes : 10
MONTREAL - Hits : 26 - Faceoff Wins : 41 - Blocked Shots : 6 - Penalty Minutes : 6

Official

Referees : Unknown
Linesman : Unknown

Game Notes

No Game Note

Finance

Level 1 -- Attendance: 4033 (67.22%) -- Ticket Income $403,300
Level 2 -- Attendance: 3494 (69.88%) -- Ticket Income $209,640
Level 3 -- Attendance: 1846 (92.30%) -- Ticket Income $64,610
Level 4 -- Attendance: 3654 (91.35%) -- Ticket Income $73,080
Luxury Box -- Attendance: 742 (74.20%) -- Ticket Income $148,400
Game was played at the Bell Centre.
Total Attendance: 13769 (76.49%)
Total Ticket Income: $899,030
Total Income: $899,030

NEW JERSEY

5 vs 5 Forward 
   Center                   Left Wing                Right Wing               Time % Phy DF OF 
 1 Mikael Granlund          Anders Lee               Patric Hornqvist         40     1   2  2  
 2 Ryan Kesler              Evander Kane             Michael Grabner          32     1   2  2  
 3 Ryan Nugent-Hopkins      Jake Guentzel            Patrick Sharp            23     1   2  2  
 4 Andrew Copp              Anthony Duclair          Tom Kuhnhackl            5      1   2  2  

5 vs 5 Defense 
   Defense                  Defense                                           Time % Phy DF OF 
 1 Dougie Hamilton          Dion Phaneuf                                      40     1   2  2  
 2 Jake Muzzin              Dmitry Orlov                                      32     1   2  2  
 3 Jeff Petry               Mark Streit                                       23     1   2  2  
 4 Colin Miller             Patrick Wiercioch                                 5      1   2  2  

PowerPlay Forward 
   Center                   Left Wing                Right Wing               Time % Phy DF OF 
 1 Ryan Kesler              Evander Kane             Mikael Granlund          60     1   2  2  
 2 Ryan Nugent-Hopkins      Jake Guentzel            Patric Hornqvist         40     1   2  2  

PowerPlay Defense
   Defense                  Defense                                           Time % Phy DF OF 
 1 Dougie Hamilton          Jake Muzzin                                       60     1   2  2  
 2 Dion Phaneuf             Dmitry Orlov                                      40     1   2  2  

Penalty Kill 4 Players Forward 
   Center                   Wing                     Time % Phy DF OF 
 1 Ryan Kesler              Mikael Granlund          60     1   2  2  
 2 Ryan Nugent-Hopkins      Patric Hornqvist         40     1   2  2  

Penalty Kill 4 Players Defense
   Defense                  Defense                  Time % Phy DF OF 
 1 Dougie Hamilton          Dion Phaneuf             60     1   2  2  
 2 Jake Muzzin              Dmitry Orlov             40     1   2  2  

Penalty Kill - 3 Players Forward 
   Forward                                           Time % Phy DF OF 
 1 Ryan Kesler                                       60     1   2  2  
 2 Mikael Granlund                                   40     1   2  2  

Penalty Kill - 3 Players Defense
   Defense                  Defense                  Time % Phy DF OF 
 1 Dougie Hamilton          Dion Phaneuf             60     1   2  2  
 2 Jake Muzzin              Dmitry Orlov             40     1   2  2  

4 vs 4 Forward 
   Center                   Wing                     Time % Phy DF OF 
 1 Ryan Kesler              Mikael Granlund          60     1   2  2  
 2 Ryan Nugent-Hopkins      Anders Lee               40     1   2  2  

4 vs 4 Defense
   Defense                  Defense                  Time % Phy DF OF 
 1 Dougie Hamilton          Dion Phaneuf             60     1   2  2  
 2 Jake Muzzin              Dmitry Orlov             40     1   2  2  

Last Minutes Offensive
   Center                   Left Wing                Right Wing               Defense                  Defense                  
   Ryan Kesler              Anders Lee               Patric Hornqvist         Dougie Hamilton          Dion Phaneuf             

Last Minutes Defensive
   Center                   Left Wing                Right Wing               Defense                  Defense                  
   Ryan Kesler              Anders Lee               Patric Hornqvist         Dougie Hamilton          Dion Phaneuf             

Goaltenders
Starting : Jonathan Bernier         
Backup : Matt Murray              

Extra Forwards
Normal : Mikael Granlund, Ryan Kesler, Ryan Nugent-Hopkins - PP : Mikael Granlund, Jake Guentzel - PK : Ryan Kesler
Extra Defensemen
Normal : Dougie Hamilton, Jake Muzzin, Mark Streit - PP : Jeff Petry - PK : Dougie Hamilton, Dion Phaneuf
Penalty Shots
Ryan Kesler, Mikael Granlund, Patric Hornqvist, Ryan Nugent-Hopkins, Michael Grabner

Scratches
Josh Anderson (Healthy)

MONTREAL

5 vs 5 Forward 
   Center                   Left Wing                Right Wing               Time % Phy DF OF 
 1 Nathan MacKinnon         Max Pacioretty           Jason Pominville         35     1   2  2  
 2 Vincent Trocheck         Rickard Rakell           Sven Andrighetto         30     1   2  2  
 3 Tyler Johnson            Phillip Danault          Gabriel Dumont           25     1   2  2  
 4 Brian Gionta             Micheal Ferland          Brooks Laich             10     1   2  2  

5 vs 5 Defense 
   Defense                  Defense                                           Time % Phy DF OF 
 1 Tyler Myers              Keith Yandle                                      35     1   2  2  
 2 Jason Demers             Marc Staal                                        30     1   2  2  
 3 Nathan Beaulieu          Tobias Enstrom                                    25     1   2  2  
 4 Tyler Myers              Keith Yandle                                      10     1   2  2  

PowerPlay Forward 
   Center                   Left Wing                Right Wing               Time % Phy DF OF 
 1 Nathan MacKinnon         Tyler Johnson            Jason Pominville         60     1   2  2  
 2 Vincent Trocheck         Rickard Rakell           Sven Andrighetto         40     1   2  2  

PowerPlay Defense
   Defense                  Defense                                           Time % Phy DF OF 
 1 Tyler Myers              Keith Yandle                                      60     1   2  2  
 2 Jason Demers             Marc Staal                                        40     1   2  2  

Penalty Kill 4 Players Forward 
   Center                   Wing                     Time % Phy DF OF 
 1 Jason Pominville         Nathan MacKinnon         60     1   2  2  
 2 Vincent Trocheck         Tyler Johnson            40     1   2  2  

Penalty Kill 4 Players Defense
   Defense                  Defense                  Time % Phy DF OF 
 1 Tyler Myers              Keith Yandle             60     1   2  2  
 2 Jason Demers             Marc Staal               40     1   2  2  

Penalty Kill - 3 Players Forward 
   Forward                                           Time % Phy DF OF 
 1 Vincent Trocheck                                  60     1   2  2  
 2 Nathan MacKinnon                                  40     1   2  2  

Penalty Kill - 3 Players Defense
   Defense                  Defense                  Time % Phy DF OF 
 1 Tyler Myers              Nathan Beaulieu          60     1   2  2  
 2 Jason Demers             Marc Staal               40     1   2  2  

4 vs 4 Forward 
   Center                   Wing                     Time % Phy DF OF 
 1 Max Pacioretty           Nathan MacKinnon         60     1   2  2  
 2 Vincent Trocheck         Tyler Johnson            40     1   2  2  

4 vs 4 Defense
   Defense                  Defense                  Time % Phy DF OF 
 1 Tyler Myers              Tobias Enstrom           60     1   2  2  
 2 Jason Demers             Marc Staal               40     1   2  2  

Last Minutes Offensive
   Center                   Left Wing                Right Wing               Defense                  Defense                  
   Nathan MacKinnon         Max Pacioretty           Jason Pominville         Tyler Myers              Keith Yandle             

Last Minutes Defensive
   Center                   Left Wing                Right Wing               Defense                  Defense                  
   Nathan MacKinnon         Max Pacioretty           Jason Pominville         Tyler Myers              Keith Yandle             

Goaltenders
Starting : Garret Sparks            
Backup : Leland Irving            

Extra Forwards
Normal : Nathan MacKinnon, Phillip Danault, Brian Gionta - PP : Nathan MacKinnon, Phillip Danault - PK : Brian Gionta
Extra Defensemen
Normal : Nathan Beaulieu, Tobias Enstrom, Jason Demers - PP : Nathan Beaulieu - PK : Tobias Enstrom, Jason Demers
Penalty Shots
Phillip Danault, Nathan MacKinnon, Vincent Trocheck, Tyler Johnson, Rickard Rakell

Scratches
MTL CAP HIT (Suspend), Robin Lehner (Suspend)

% Time on Ice - NEW JERSEY

Lines # - Real PCT - Wanted PCT - Time Play
Normal Forward
1 - 38% - 40% - 19:01
2 - 32% - 32% - 16:01
3 - 23% - 23% - 11:26
4 - 8% - 5% - 3:54
Normal Defense
1 - 37% - 40% - 18:47
2 - 31% - 32% - 15:42
3 - 24% - 23% - 12:20
4 - 7% - 5% - 3:33
PP Forward
1 - 79% - 60% - 1:23
2 - 21% - 40% - 0:22
PP Defense
1 - 94% - 60% - 1:39
2 - 6% - 40% - 0:06
PK Forward
1 - 78% - 60% - 6:11
2 - 22% - 40% - 1:42
PK Defense
1 - 39% - 60% - 3:04
2 - 61% - 40% - 4:49
PK3 Forward
1 - 0% - 60%
2 - 0% - 40%
PK3 Defense
1 - 0% - 60%
2 - 0% - 40%
44 Forward
1 - 0% - 60%
2 - 0% - 40%
44 Defense
1 - 0% - 60%
2 - 0% - 40%
Last Minute Offensive  - 0:00
Last Minute Defensive  - 0:00
Total
Forward - 60:00
Defense - 60:00

% Time on Ice - MONTREAL

Lines # - Real PCT - Wanted PCT - Time Play
Normal Forward
1 - 32% - 35% - 16:22
2 - 28% - 30% - 14:21
3 - 24% - 25% - 12:16
4 - 15% - 10% - 7:23
Normal Defense
1 - 30% - 35% - 15:20
2 - 34% - 30% - 16:55
3 - 31% - 25% - 15:41
4 - 5% - 10% - 2:26
PP Forward
1 - 47% - 60% - 3:40
2 - 53% - 40% - 4:13
PP Defense
1 - 63% - 60% - 4:57
2 - 37% - 40% - 2:56
PK Forward
1 - 87% - 60% - 1:31
2 - 13% - 40% - 0:14
PK Defense
1 - 40% - 60% - 0:42
2 - 60% - 40% - 1:03
PK3 Forward
1 - 0% - 60%
2 - 0% - 40%
PK3 Defense
1 - 0% - 60%
2 - 0% - 40%
44 Forward
1 - 0% - 60%
2 - 0% - 40%
44 Defense
1 - 0% - 60%
2 - 0% - 40%
Last Minute Offensive  - 0:00
Last Minute Defensive  - 0:00
Total
Forward - 60:00
Defense - 60:00

Play-by-Play

1st period


0:01 of 1st period - Nathan MacKinnon wins face-off versus Mikael Granlund in neutral zone.
0:30 of 1st period - Shot by Patric Hornqvist.
0:30 of 1st period - Stopped by Garret Sparks without a rebound.
0:31 of 1st period - Vincent Trocheck wins face-off versus Ryan Kesler in MONTREAL zone.
0:50 of 1st period - Shot by Sven Andrighetto.
0:50 of 1st period - Deflect By Rickard Rakell.
0:50 of 1st period - Stopped by Jonathan Bernier with a rebound.
1:06 of 1st period - Shot by Sven Andrighetto.
1:06 of 1st period - Stopped by Jonathan Bernier without a rebound.
1:07 of 1st period - Tyler Johnson wins face-off versus Ryan Nugent-Hopkins in NEW JERSEY zone.
3:03 of 1st period - Icing by Dion Phaneuf.
3:04 of 1st period - Brian Gionta wins face-off versus Patric Hornqvist in NEW JERSEY zone.
3:07 of 1st period - Shot by Micheal Ferland.
3:07 of 1st period - Shot Misses the Net.
3:10 of 1st period - Minor Penalty to Micheal Ferland for Interference.
3:11 of 1st period - Ryan Kesler wins face-off versus Jason Pominville in MONTREAL zone.
3:12 of 1st period - Shot by Jake Muzzin.
3:12 of 1st period - Stopped by Garret Sparks without a rebound.
3:13 of 1st period - Jason Pominville wins face-off versus Ryan Kesler in MONTREAL zone.
3:47 of 1st period - Shot by Jake Muzzin.
3:47 of 1st period - Goal by Jake Muzzin - NEW JERSEY : 1 - MONTREAL : 0.
3:48 of 1st period - Vincent Trocheck wins face-off versus Andrew Copp in neutral zone.
4:25 of 1st period - Anthony Duclair is hit by Nathan Beaulieu and loses puck.
4:56 of 1st period - Shot by Ryan Kesler.
4:56 of 1st period - Stopped by Garret Sparks without a rebound.
4:57 of 1st period - Tyler Johnson wins face-off versus Ryan Nugent-Hopkins in MONTREAL zone.
5:03 of 1st period - Off-side.
5:04 of 1st period - Nathan MacKinnon wins face-off versus Ryan Nugent-Hopkins in neutral zone.
5:29 of 1st period - Icing by Dion Phaneuf.
5:30 of 1st period - Ryan Nugent-Hopkins wins face-off versus Brian Gionta in NEW JERSEY zone.
5:30 of 1st period - Ryan Nugent-Hopkins is hit by Micheal Ferland.
5:49 of 1st period - Icing by Brian Gionta.
5:50 of 1st period - Ryan Kesler wins face-off versus Brian Gionta in MONTREAL zone.
6:44 of 1st period - Shot by Phillip Danault.
6:44 of 1st period - Stopped by Jonathan Bernier without a rebound.
6:45 of 1st period - Nathan MacKinnon wins face-off versus Mikael Granlund in NEW JERSEY zone.
6:53 of 1st period - Shot by Max Pacioretty.
6:53 of 1st period - Shot Blocked by Mark Streit.
6:55 of 1st period - Shot by Nathan Beaulieu.
6:55 of 1st period - Deflect By Max Pacioretty.
6:55 of 1st period - Stopped by Jonathan Bernier without a rebound.
6:56 of 1st period - Tyler Johnson wins face-off versus Ryan Nugent-Hopkins in NEW JERSEY zone.
7:16 of 1st period - Icing by Dougie Hamilton.
7:17 of 1st period - Vincent Trocheck wins face-off versus Ryan Nugent-Hopkins in NEW JERSEY zone.
7:45 of 1st period - Icing by Dion Phaneuf.
7:46 of 1st period - Nathan MacKinnon wins face-off versus Ryan Nugent-Hopkins in NEW JERSEY zone.
7:54 of 1st period - Icing by Dion Phaneuf.
7:55 of 1st period - Ryan Nugent-Hopkins wins face-off versus Nathan MacKinnon in NEW JERSEY zone.
8:26 of 1st period - Icing by Jeff Petry.
8:27 of 1st period - Tyler Johnson wins face-off versus Mikael Granlund in NEW JERSEY zone.
8:30 of 1st period - Shot by Tyler Johnson.
8:30 of 1st period - Stopped by Jonathan Bernier without a rebound.
8:31 of 1st period - Anders Lee wins face-off versus Vincent Trocheck in NEW JERSEY zone.
9:00 of 1st period - Shot by Anders Lee.
9:00 of 1st period - Shot Misses the Net.
9:02 of 1st period - Shot by Mikael Granlund.
9:02 of 1st period - Stopped by Garret Sparks without a rebound.
9:03 of 1st period - Ryan Kesler wins face-off versus Tyler Johnson in MONTREAL zone.
9:03 of 1st period - Ryan Kesler is hit by Tobias Enstrom.
9:09 of 1st period - Shot by Evander Kane.
9:09 of 1st period - Shot Misses the Net.
9:48 of 1st period - Ryan Kesler is hit by Nathan Beaulieu and loses puck.
10:15 of 1st period - Shot by Patric Hornqvist.
10:15 of 1st period - Shot Misses the Net.
11:14 of 1st period - Off-side.
11:15 of 1st period - Vincent Trocheck wins face-off versus Michael Grabner in neutral zone.
11:28 of 1st period - Vincent Trocheck is hit by Patrick Wiercioch and loses puck.
12:06 of 1st period - Icing by Colin Miller.
12:07 of 1st period - Ryan Kesler wins face-off versus Nathan MacKinnon in NEW JERSEY zone.
12:07 of 1st period - Ryan Kesler is hit by Max Pacioretty.
12:20 of 1st period - Icing by Keith Yandle.
12:21 of 1st period - Nathan MacKinnon wins face-off versus Anders Lee in MONTREAL zone.
12:28 of 1st period - Patric Hornqvist is hit by Nathan MacKinnon and loses puck.
13:21 of 1st period - Shot by Ryan Nugent-Hopkins.
13:21 of 1st period - Stopped by Garret Sparks with a rebound.
13:23 of 1st period - Shot by Patrick Sharp.
13:23 of 1st period - Shot Misses the Net.
13:25 of 1st period - Shot by Dmitry Orlov.
13:25 of 1st period - Stopped by Garret Sparks with a rebound.
13:31 of 1st period - Shot by Ryan Nugent-Hopkins.
13:31 of 1st period - Shot Misses the Net.
13:35 of 1st period - Shot by Jake Guentzel.
13:35 of 1st period - Stopped by Garret Sparks without a rebound.
13:36 of 1st period - Ryan Kesler wins face-off versus Vincent Trocheck in MONTREAL zone.
14:03 of 1st period - Shot by Sven Andrighetto.
14:03 of 1st period - Stopped by Jonathan Bernier without a rebound.
14:04 of 1st period - Ryan Nugent-Hopkins wins face-off versus Brian Gionta in NEW JERSEY zone.
14:09 of 1st period - Shot by Patrick Sharp.
14:09 of 1st period - Stopped by Garret Sparks without a rebound.
14:10 of 1st period - Patric Hornqvist wins face-off versus Brian Gionta in MONTREAL zone.
14:24 of 1st period - Mikael Granlund is hit by Tobias Enstrom and loses puck.
16:11 of 1st period - Shot by Nathan MacKinnon.
16:11 of 1st period - Shot Misses the Net.
16:13 of 1st period - Shot by Nathan MacKinnon.
16:13 of 1st period - Shot Blocked by Mark Streit.
16:23 of 1st period - Shot by Nathan MacKinnon.
16:23 of 1st period - Shot Blocked by Jeff Petry.
17:05 of 1st period - Shot by Phillip Danault.
17:05 of 1st period - Deflect By Tyler Johnson.
17:05 of 1st period - Stopped by Jonathan Bernier without a rebound.
17:06 of 1st period - Mikael Granlund wins face-off versus Brian Gionta in NEW JERSEY zone.
17:30 of 1st period - Shot by Brian Gionta.
17:30 of 1st period - Stopped by Jonathan Bernier with a rebound.
17:32 of 1st period - Shot by Marc Staal.
17:32 of 1st period - Stopped by Jonathan Bernier without a rebound.
17:33 of 1st period - Ryan Kesler wins face-off versus Vincent Trocheck in NEW JERSEY zone.
17:33 of 1st period - Ryan Kesler is hit by Rickard Rakell.
17:50 of 1st period - Michael Grabner is hit by Nathan Beaulieu.
17:55 of 1st period - Icing by Tobias Enstrom.
17:56 of 1st period - Vincent Trocheck wins face-off versus Mikael Granlund in MONTREAL zone.
18:03 of 1st period - Shot by Rickard Rakell.
18:03 of 1st period - Stopped by Jonathan Bernier with a rebound.
18:30 of 1st period - Icing by Jake Muzzin.
18:31 of 1st period - Anders Lee wins face-off versus Nathan MacKinnon in NEW JERSEY zone.
18:35 of 1st period - Tyler Myers is hit by Jake Muzzin and loses puck.
18:43 of 1st period - Off-side.
18:44 of 1st period - Ryan Kesler wins face-off versus Tyler Johnson in neutral zone.
18:49 of 1st period - Shot by Ryan Kesler.
18:49 of 1st period - Shot Misses the Net.
18:51 of 1st period - Shot by Michael Grabner.
18:51 of 1st period - Stopped by Garret Sparks without a rebound.
18:52 of 1st period - Nathan MacKinnon wins face-off versus Ryan Kesler in MONTREAL zone.
18:58 of 1st period - Icing by Keith Yandle.
18:59 of 1st period - Ryan Kesler wins face-off versus Nathan MacKinnon in MONTREAL zone.
19:12 of 1st period - Shot by Evander Kane.
19:12 of 1st period - Stopped by Garret Sparks without a rebound.
19:13 of 1st period - Tyler Johnson wins face-off versus Mikael Granlund in MONTREAL zone.
19:22 of 1st period - Shot by Anders Lee.
19:22 of 1st period - Stopped by Garret Sparks without a rebound.
19:23 of 1st period - Ryan Kesler wins face-off versus Nathan MacKinnon in MONTREAL zone.
19:30 of 1st period - Shot by Evander Kane.
19:30 of 1st period - Stopped by Garret Sparks without a rebound.
19:31 of 1st period - Jason Pominville wins face-off versus Mikael Granlund in MONTREAL zone.
19:48 of 1st period - Shot by Mikael Granlund.
19:48 of 1st period - Stopped by Garret Sparks with a rebound.
Goals for this period are 1 for NEW JERSEY vs 0 for MONTREAL.
Shots for this period are 14 for NEW JERSEY vs 10 for MONTREAL.

2nd period


0:01 of 2nd period - Mikael Granlund wins face-off versus Tyler Johnson in neutral zone.
0:01 of 2nd period - Dougie Hamilton is hit by Tyler Johnson and loses puck.
0:21 of 2nd period - Minor Penalty to Dion Phaneuf for Tripping.
0:22 of 2nd period - Vincent Trocheck wins face-off versus Mikael Granlund in NEW JERSEY zone.
1:51 of 2nd period - Shot by Tyler Johnson.
1:51 of 2nd period - Stopped by Jonathan Bernier without a rebound.
1:52 of 2nd period - Nathan MacKinnon wins face-off versus Ryan Kesler in NEW JERSEY zone.
2:03 of 2nd period - Shot by Keith Yandle.
2:03 of 2nd period - Shot Misses the Net.
2:12 of 2nd period - Shot by Tyler Myers.
2:12 of 2nd period - Shot Blocked by Dmitry Orlov.
2:14 of 2nd period - Shot by Tyler Myers.
2:14 of 2nd period - Shot Misses the Net.
3:33 of 2nd period - Shot by Sven Andrighetto.
3:33 of 2nd period - Stopped by Jonathan Bernier without a rebound.
3:34 of 2nd period - Ryan Kesler wins face-off versus Tyler Johnson in NEW JERSEY zone.
3:49 of 2nd period - Shot by Michael Grabner.
3:49 of 2nd period - Stopped by Garret Sparks with a rebound.
3:51 of 2nd period - Shot by Ryan Kesler.
3:51 of 2nd period - Shot Misses the Net.
3:53 of 2nd period - Shot by Michael Grabner.
3:53 of 2nd period - Shot Misses the Net.
3:55 of 2nd period - Shot by Evander Kane.
3:55 of 2nd period - Goal by Evander Kane - NEW JERSEY : 2 - MONTREAL : 0.
3:56 of 2nd period - Anders Lee wins face-off versus Nathan MacKinnon in neutral zone.
4:02 of 2nd period - Mikael Granlund is hit by Marc Staal and loses puck.
4:19 of 2nd period - Shot by Mikael Granlund.
4:19 of 2nd period - Shot Blocked by Nathan MacKinnon.
4:21 of 2nd period - Shot by Patrick Wiercioch.
4:21 of 2nd period - Shot Blocked by Marc Staal.
4:24 of 2nd period - Icing by Max Pacioretty.
4:25 of 2nd period - Nathan MacKinnon wins face-off versus Ryan Kesler in MONTREAL zone.
4:25 of 2nd period - Nathan MacKinnon is hit by Evander Kane.
6:34 of 2nd period - Shot by Jake Guentzel.
6:34 of 2nd period - Stopped by Garret Sparks without a rebound.
6:35 of 2nd period - Andrew Copp wins face-off versus Tyler Johnson in MONTREAL zone.
6:52 of 2nd period - Shot by Tom Kuhnhackl.
6:52 of 2nd period - Stopped by Garret Sparks without a rebound.
6:53 of 2nd period - Brian Gionta wins face-off versus Ryan Kesler in MONTREAL zone.
6:53 of 2nd period - Brian Gionta is hit by Ryan Kesler.
6:58 of 2nd period - Tobias Enstrom is hit by Dion Phaneuf and loses puck.
7:15 of 2nd period - Shot by Ryan Kesler.
7:15 of 2nd period - Shot Misses the Net.
7:29 of 2nd period - Shot by Ryan Kesler.
7:29 of 2nd period - Stopped by Garret Sparks without a rebound.
7:30 of 2nd period - Tyler Johnson wins face-off versus Ryan Nugent-Hopkins in MONTREAL zone.
7:53 of 2nd period - Shot by Ryan Nugent-Hopkins.
7:53 of 2nd period - Shot Misses the Net.
7:58 of 2nd period - Jake Guentzel is hit by Tyler Myers and loses puck.
8:24 of 2nd period - Icing by Marc Staal.
8:25 of 2nd period - Vincent Trocheck wins face-off versus Mikael Granlund in MONTREAL zone.
8:44 of 2nd period - Dion Phaneuf is hit by Vincent Trocheck and loses puck.
9:39 of 2nd period - Shot by Max Pacioretty.
9:39 of 2nd period - Shot Misses the Net.
9:41 of 2nd period - Shot by Max Pacioretty.
9:41 of 2nd period - Stopped by Jonathan Bernier without a rebound.
9:42 of 2nd period - Ryan Nugent-Hopkins wins face-off versus Brian Gionta in NEW JERSEY zone.
9:49 of 2nd period - Icing by Mark Streit.
9:50 of 2nd period - Patrick Sharp wins face-off versus Nathan MacKinnon in NEW JERSEY zone.
10:05 of 2nd period - Shot by Max Pacioretty.
10:05 of 2nd period - Shot Misses the Net.
10:07 of 2nd period - Shot by Jason Pominville.
10:07 of 2nd period - Stopped by Jonathan Bernier without a rebound.
10:08 of 2nd period - Ryan Kesler wins face-off versus Tyler Johnson in NEW JERSEY zone.
10:08 of 2nd period - Ryan Kesler is hit by Phillip Danault.
10:28 of 2nd period - Shot by Evander Kane.
10:28 of 2nd period - Stopped by Garret Sparks without a rebound.
10:29 of 2nd period - Nathan MacKinnon wins face-off versus Mikael Granlund in MONTREAL zone.
10:44 of 2nd period - Jason Pominville is hit by Anders Lee and loses puck.
10:53 of 2nd period - Max Pacioretty is hit by Patric Hornqvist and loses puck.
11:02 of 2nd period - Shot by Mikael Granlund.
11:02 of 2nd period - Shot Blocked by Keith Yandle.
11:11 of 2nd period - Icing by Tyler Myers.
11:12 of 2nd period - Ryan Kesler wins face-off versus Nathan MacKinnon in MONTREAL zone.
11:21 of 2nd period - Shot by Michael Grabner.
11:21 of 2nd period - Stopped by Garret Sparks with a rebound.
11:23 of 2nd period - Shot by Jake Muzzin.
11:23 of 2nd period - Shot Blocked by Jason Pominville.
11:25 of 2nd period - Shot by Evander Kane.
11:25 of 2nd period - Stopped by Garret Sparks without a rebound.
11:26 of 2nd period - Vincent Trocheck wins face-off versus Patrick Sharp in MONTREAL zone.
11:26 of 2nd period - Jason Demers is hit by Jake Guentzel and loses puck.
11:37 of 2nd period - Shot by Vincent Trocheck.
11:37 of 2nd period - Shot Misses the Net.
11:53 of 2nd period - Shot by Rickard Rakell.
11:53 of 2nd period - Shot Misses the Net.
11:55 of 2nd period - Shot by Sven Andrighetto.
11:55 of 2nd period - Shot Hit the Post.
11:57 of 2nd period - Shot by Vincent Trocheck.
11:57 of 2nd period - Stopped by Jonathan Bernier without a rebound.
11:58 of 2nd period - Tyler Johnson wins face-off versus Anders Lee in NEW JERSEY zone.
12:10 of 2nd period - Tyler Johnson is hit by Dion Phaneuf and loses puck.
12:15 of 2nd period - Shot by Tyler Johnson.
12:15 of 2nd period - Shot Misses the Net.
12:17 of 2nd period - Shot by Tobias Enstrom.
12:17 of 2nd period - Shot Blocked by Dougie Hamilton.
12:46 of 2nd period - Minor Penalty to Dion Phaneuf for Slashing.
12:47 of 2nd period - Vincent Trocheck wins face-off versus Ryan Kesler in NEW JERSEY zone.
12:54 of 2nd period - Shot by Tyler Myers.
12:54 of 2nd period - Shot Blocked by Mikael Granlund.
12:56 of 2nd period - Shot by Keith Yandle.
12:56 of 2nd period - Stopped by Jonathan Bernier without a rebound.
12:57 of 2nd period - Ryan Kesler wins face-off versus Vincent Trocheck in NEW JERSEY zone.
13:20 of 2nd period - Shot by Rickard Rakell.
13:20 of 2nd period - Stopped by Jonathan Bernier without a rebound.
13:21 of 2nd period - Ryan Kesler wins face-off versus Nathan MacKinnon in NEW JERSEY zone.
13:38 of 2nd period - Shot by Tyler Johnson.
13:38 of 2nd period - Goal by Tyler Johnson - NEW JERSEY : 2 - MONTREAL : 1.
13:39 of 2nd period - Vincent Trocheck wins face-off versus Ryan Nugent-Hopkins in neutral zone.
13:54 of 2nd period - Shot by Vincent Trocheck.
13:54 of 2nd period - Shot Misses the Net.
13:56 of 2nd period - Shot by Vincent Trocheck.
13:56 of 2nd period - Stopped by Jonathan Bernier without a rebound.
13:57 of 2nd period - Ryan Kesler wins face-off versus Nathan MacKinnon in NEW JERSEY zone.
13:57 of 2nd period - Ryan Kesler is hit by Nathan MacKinnon.
14:02 of 2nd period - Dougie Hamilton is hit by Marc Staal and loses puck.
14:16 of 2nd period - Ryan Kesler is hit by Jason Demers and loses puck.
14:26 of 2nd period - Michael Grabner is hit by Marc Staal and loses puck.
14:59 of 2nd period - Mikael Granlund is hit by Marc Staal.
15:08 of 2nd period - Patric Hornqvist is hit by Marc Staal and loses puck.
15:51 of 2nd period - Shot by Ryan Nugent-Hopkins.
15:51 of 2nd period - Stopped by Garret Sparks without a rebound.
15:52 of 2nd period - Vincent Trocheck wins face-off versus Andrew Copp in MONTREAL zone.
16:00 of 2nd period - Off-side.
16:01 of 2nd period - Ryan Kesler wins face-off versus Tyler Johnson in neutral zone.
16:14 of 2nd period - Shot by Evander Kane.
16:14 of 2nd period - Shot Misses the Net.
16:16 of 2nd period - Shot by Ryan Kesler.
16:16 of 2nd period - Stopped by Garret Sparks with a rebound.
16:18 of 2nd period - Shot by Ryan Kesler.
16:18 of 2nd period - Goal by Ryan Kesler - NEW JERSEY : 3 - MONTREAL : 1.
16:19 of 2nd period - Ryan Nugent-Hopkins wins face-off versus Vincent Trocheck in neutral zone.
16:31 of 2nd period - Patrick Sharp is hit by Nathan Beaulieu and loses puck.
16:36 of 2nd period - Shot by Ryan Nugent-Hopkins.
16:36 of 2nd period - Shot Misses the Net.
16:38 of 2nd period - Shot by Mark Streit.
16:38 of 2nd period - Stopped by Garret Sparks without a rebound.
16:39 of 2nd period - Tyler Johnson wins face-off versus Mikael Granlund in MONTREAL zone.
17:45 of 2nd period - Vincent Trocheck is hit by Dion Phaneuf and loses puck.
17:52 of 2nd period - Shot by Ryan Kesler.
17:52 of 2nd period - Stopped by Garret Sparks with a rebound.
17:56 of 2nd period - Shot by Michael Grabner.
17:56 of 2nd period - Stopped by Garret Sparks without a rebound.
17:57 of 2nd period - Ryan Nugent-Hopkins wins face-off versus Brian Gionta in MONTREAL zone.
18:11 of 2nd period - Off-side.
18:12 of 2nd period - Nathan MacKinnon wins face-off versus Ryan Kesler in neutral zone.
18:35 of 2nd period - Shot by Michael Grabner.
18:35 of 2nd period - Shot Misses the Net.
18:37 of 2nd period - Shot by Ryan Kesler.
18:37 of 2nd period - Shot Blocked by Keith Yandle.
19:09 of 2nd period - Anders Lee is hit by Nathan MacKinnon and loses puck.
19:21 of 2nd period - Dmitry Orlov is hit by Marc Staal and loses puck.
19:32 of 2nd period - Shot by Sven Andrighetto.
19:32 of 2nd period - Deflect By Vincent Trocheck.
19:32 of 2nd period - Shot Misses the Net.
19:48 of 2nd period - Shot by Rickard Rakell.
19:48 of 2nd period - Shot Misses the Net.
19:55 of 2nd period - Shot by Rickard Rakell.
19:55 of 2nd period - Shot Misses the Net.
19:57 of 2nd period - Shot by Rickard Rakell.
19:57 of 2nd period - Stopped by Jonathan Bernier without a rebound.
19:58 of 2nd period - Ryan Nugent-Hopkins wins face-off versus Tyler Johnson in NEW JERSEY zone.
Goals for this period are 2 for NEW JERSEY vs 1 for MONTREAL.
Shots for this period are 14 for NEW JERSEY vs 10 for MONTREAL.

3rd period


0:01 of 3rd period - Tyler Johnson wins face-off versus Mikael Granlund in neutral zone.
0:46 of 3rd period - Mikael Granlund is hit by Tyler Johnson and loses puck.
1:19 of 3rd period - Shot by Rickard Rakell.
1:19 of 3rd period - Deflect By Vincent Trocheck.
1:19 of 3rd period - Shot Blocked by Dougie Hamilton.
1:27 of 3rd period - Shot by Vincent Trocheck.
1:27 of 3rd period - Shot Misses the Net.
1:29 of 3rd period - Shot by Sven Andrighetto.
1:29 of 3rd period - Shot Blocked by Dougie Hamilton.
1:33 of 3rd period - Shot by Rickard Rakell.
1:33 of 3rd period - Shot Misses the Net.
1:35 of 3rd period - Shot by Marc Staal.
1:35 of 3rd period - Shot Blocked by Mikael Granlund.
1:56 of 3rd period - Shot by Max Pacioretty.
1:56 of 3rd period - Stopped by Jonathan Bernier with a rebound.
2:04 of 3rd period - Shot by Max Pacioretty.
2:04 of 3rd period - Shot Misses the Net.
3:26 of 3rd period - Shot by Phillip Danault.
3:26 of 3rd period - Deflect By Tyler Johnson.
3:26 of 3rd period - Shot Misses the Net.
3:45 of 3rd period - Minor Penalty to Mark Streit for Hooking.
3:46 of 3rd period - Ryan Kesler wins face-off versus Vincent Trocheck in NEW JERSEY zone.
3:46 of 3rd period - Ryan Kesler is hit by Vincent Trocheck.
5:08 of 3rd period - Shot by Marc Staal.
5:08 of 3rd period - Shot Misses the Net.
5:10 of 3rd period - Shot by Jason Demers.
5:10 of 3rd period - Shot Misses the Net.
6:14 of 3rd period - Minor Penalty to Mark Streit for High sticking.
6:15 of 3rd period - Ryan Kesler wins face-off versus Nathan MacKinnon in NEW JERSEY zone.
6:28 of 3rd period - Shot by Tyler Johnson.
6:28 of 3rd period - Shot Misses the Net.
6:32 of 3rd period - Shot by Keith Yandle.
6:32 of 3rd period - Shot Misses the Net.
7:40 of 3rd period - Icing by Keith Yandle.
7:41 of 3rd period - Andrew Copp wins face-off versus Nathan MacKinnon in MONTREAL zone.
8:43 of 3rd period - Shot by Brooks Laich.
8:43 of 3rd period - Stopped by Jonathan Bernier without a rebound.
8:44 of 3rd period - Ryan Kesler wins face-off versus Vincent Trocheck in NEW JERSEY zone.
9:17 of 3rd period - Shot by Rickard Rakell.
9:17 of 3rd period - Deflect By Sven Andrighetto.
9:17 of 3rd period - Shot Blocked by Evander Kane.
9:34 of 3rd period - Minor Penalty to Nathan Beaulieu for Holding.
9:35 of 3rd period - Ryan Nugent-Hopkins wins face-off versus Jason Pominville in MONTREAL zone.
9:48 of 3rd period - Shot by Dougie Hamilton.
9:48 of 3rd period - Shot Misses the Net.
9:50 of 3rd period - Shot by Ryan Nugent-Hopkins.
9:50 of 3rd period - Goal by Ryan Nugent-Hopkins - NEW JERSEY : 4 - MONTREAL : 1.
9:51 of 3rd period - Andrew Copp wins face-off versus Tyler Johnson in neutral zone.
10:35 of 3rd period - Icing by Nathan Beaulieu.
10:36 of 3rd period - Tyler Johnson wins face-off versus Mikael Granlund in MONTREAL zone.
10:36 of 3rd period - Phillip Danault is hit by Anders Lee and loses puck.
11:07 of 3rd period - Shot by Mikael Granlund.
11:07 of 3rd period - Shot Misses the Net.
11:09 of 3rd period - Shot by Jake Muzzin.
11:09 of 3rd period - Stopped by Garret Sparks without a rebound.
11:09 of 3rd period - Minor Penalty to Nathan Beaulieu for Hooking.
11:10 of 3rd period - Ryan Kesler wins face-off versus Jason Pominville in MONTREAL zone.
11:11 of 3rd period - Shot by Jake Muzzin.
11:11 of 3rd period - Stopped by Garret Sparks without a rebound.
11:12 of 3rd period - Nathan MacKinnon wins face-off versus Ryan Kesler in MONTREAL zone.
12:01 of 3rd period - Shot by Patric Hornqvist.
12:01 of 3rd period - Goal by Patric Hornqvist - NEW JERSEY : 5 - MONTREAL : 1.
12:02 of 3rd period - Vincent Trocheck wins face-off versus Ryan Nugent-Hopkins in neutral zone.
12:02 of 3rd period - Minor Penalty to Jake Guentzel for Tripping.
12:03 of 3rd period - Ryan Kesler wins face-off versus Vincent Trocheck in NEW JERSEY zone.
13:04 of 3rd period - Shot by Nathan MacKinnon.
13:04 of 3rd period - Shot Blocked by Mikael Granlund.
13:06 of 3rd period - Shot by Jason Demers.
13:06 of 3rd period - Goal by Jason Demers - NEW JERSEY : 5 - MONTREAL : 2.
13:07 of 3rd period - Andrew Copp wins face-off versus Micheal Ferland in neutral zone.
13:46 of 3rd period - Shot by Tom Kuhnhackl.
13:46 of 3rd period - Stopped by Garret Sparks without a rebound.
13:47 of 3rd period - Nathan MacKinnon wins face-off versus Ryan Kesler in MONTREAL zone.
13:51 of 3rd period - Jason Demers is hit by Dmitry Orlov and loses puck.
13:56 of 3rd period - Shot by Jason Pominville.
13:56 of 3rd period - Shot Misses the Net.
13:58 of 3rd period - Shot by Jason Pominville.
13:58 of 3rd period - Shot Blocked by Jake Muzzin.
14:13 of 3rd period - Jason Pominville is hit by Jake Muzzin and loses puck.
14:25 of 3rd period - Max Pacioretty is hit by Jake Muzzin and loses puck.
14:45 of 3rd period - Dmitry Orlov is hit by Vincent Trocheck and loses puck.
15:06 of 3rd period - Shot by Rickard Rakell.
15:06 of 3rd period - Shot Misses the Net.
15:08 of 3rd period - Shot by Keith Yandle.
15:08 of 3rd period - Shot Misses the Net.
16:05 of 3rd period - Tyler Johnson is hit by Dion Phaneuf and loses puck.
16:22 of 3rd period - Shot by Marc Staal.
16:22 of 3rd period - Shot Misses the Net.
16:26 of 3rd period - Shot by Brian Gionta.
16:26 of 3rd period - Stopped by Jonathan Bernier without a rebound.
16:27 of 3rd period - Ryan Nugent-Hopkins wins face-off versus Nathan MacKinnon in NEW JERSEY zone.
16:32 of 3rd period - Shot by Jeff Petry.
16:32 of 3rd period - Shot Misses the Net.
17:21 of 3rd period - Shot by Rickard Rakell.
17:21 of 3rd period - Stopped by Jonathan Bernier without a rebound.
17:22 of 3rd period - Mikael Granlund wins face-off versus Sven Andrighetto in NEW JERSEY zone.
17:29 of 3rd period - Shot by Rickard Rakell.
17:29 of 3rd period - Shot Misses the Net.
17:34 of 3rd period - Icing by Dion Phaneuf.
17:35 of 3rd period - Phillip Danault wins face-off versus Mikael Granlund in NEW JERSEY zone.
17:57 of 3rd period - Icing by Patric Hornqvist.
17:58 of 3rd period - Nathan MacKinnon wins face-off versus Mikael Granlund in NEW JERSEY zone.
17:59 of 3rd period - Shot by Max Pacioretty.
17:59 of 3rd period - Stopped by Jonathan Bernier without a rebound.
18:00 of 3rd period - Nathan MacKinnon wins face-off versus Ryan Nugent-Hopkins in NEW JERSEY zone.
18:01 of 3rd period - Shot by Max Pacioretty.
18:01 of 3rd period - Shot Blocked by Jeff Petry.
19:10 of 3rd period - Shot by Anders Lee.
19:10 of 3rd period - Shot Blocked by Jason Demers.
19:13 of 3rd period - Icing by Jason Demers.
19:14 of 3rd period - Michael Grabner wins face-off versus Vincent Trocheck in MONTREAL zone.
19:35 of 3rd period - Shot by Ryan Kesler.
19:35 of 3rd period - Shot Misses the Net.
19:37 of 3rd period - Shot by Michael Grabner.
19:37 of 3rd period - Shot Misses the Net.
Goals for this period are 2 for NEW JERSEY vs 1 for MONTREAL.
Shots for this period are 5 for NEW JERSEY vs 6 for MONTREAL.